 Dungeon Crawl Stone Soup version 0.32-a0-913-g739538afd8 (webtiles) character file.

Game seed: 12197318761289865433

14 Hubris850 the Grasshopper (level 2, 0/22 HPs)
             Began as a Coglin Warper on Apr 8, 2024.
             Slain by a jackal (1 damage)
             ... on level 1 of the Dungeon.
             The game lasted 00:01:02 (195 turns).

Hubris850 the Grasshopper (Coglin Warper)            Turns: 195, Time: 00:01:04

Health: 0/22       AC:  3    Str: 11    XL:     2   Next: 45%
Magic:  4/4        EV: 10    Int: 12    God:
Gold:   16         SH:  0    Dex: 13    Spells: 4/4 levels left

rFire   . . .        a - +0 hand axe {Suni}
rCold   . . .        e - +0 dagger {Leofric}
rNeg    . . .        b - +0 leather armour
rPois   .            (no helmet)
rElec   .            (no cloak)
rCorr   .            (no gloves)
SInv    .            (no boots)
Will    .....        (amulet unavailable)
Stlth   +            (ring unavailable)
HPRegen 0.23/turn    (ring unavailable)
MPRegen 0.09/turn    (no gizmo)

%: no passive effects
@: revved
A: off-hand wielding, slow wielding, warmup strikes, no jewellery
a: Invent Gizmo


You were on level 1 of the Dungeon.
You visited 1 branch of the dungeon, and saw 1 of its levels.

You collected 16 gold pieces.

Inventory:

Hand Weapons
 a - a +0 hand axe (weapon) {Suni}
 e - a +0 dagger (offhand) {Leofric}
Missiles
 d - 6 darts of dispersal (quivered)
Armour
 b - a +0 leather armour (worn)
Scrolls
 c - a scroll of blinking
Potions
 f - 2 potions of curing {unknown}
 g - a potion of lignification {unknown}


   Skills:
 + Level 2.1 Fighting
 + Level 2.2 Axes
 + Level 1.1 Throwing
 + Level 1.1 Armour
 + Level 1.9 Dodging
 + Level 1.8 Spellcasting
 + Level 3.0 Translocations


You had 4 spell levels left.
You didn't know any spells.
Your spell library contained the following spells:

 Spells                   Type           Power      Damage    Failure   Level
 Blink                    Tloc           16%        N/A       16%         2
 Lesser Beckoning         Tloc           16%        N/A       16%         2
 Maxwell's Portable Pile  Tloc           8%         2d(6-16)  30%         3
 Teleport Other           Tloc           8%         N/A       30%         3
 Vhi's Electric Charge    Tloc/Air       8%         N/A       88%         4


Dungeon Overview and Level Annotations

Branches:
Dungeon (1/15)

Altars:


Innate Abilities, Weirdness & Mutations

You can wield a second weapon in your off-hand.
It takes a long time for you to wield or remove held weapons.
Your first few attacks do less damage.
You cannot equip rings or amulets.


Message History

The goblin completely misses you.
The ball python bites the plant.
The ball python constricts the plant.
The jackal bites you.
* * * LOW HITPOINT WARNING * * *
The jackal bites you.
* * * LOW HITPOINT WARNING * * *
You barely miss the goblin with your +0 dagger.
The goblin is moderately wounded.
You hit the goblin with your +0 hand axe.
You kill the goblin!
You closely miss the jackal with your +0 hand axe.
You barely miss the jackal with your +0 hand axe. x2
The jackal misses you. The jackal closely misses you.
The jackal barely misses you.
The ball python bites the plant.
The ball python constricts the plant.
The jackal bites you but does no damage.
You barely miss the jackal with your +0 dagger.
The jackal is heavily wounded.
You hit the jackal but do no damage.
You completely miss the jackal with your +0 hand axe.
You hit the jackal with your +0 hand axe.
The quokka bites the plant.
The jackal bites you.
* * * LOW HITPOINT WARNING * * *
The jackal bites you but does no damage.
The jackal bites you.
* * * LOW HITPOINT WARNING * * *
The ball python bites the plant.
The ball python constricts the plant.
The quokka bites the plant.
The jackal closely misses you. The jackal barely misses you.
Throw: 7 darts (disperse)
Press: ? - help, Q - select action Shift-Dir - straight line, f - jackal
Aim: a jackal (heavily wounded, 45% to hit)
You throw a dart of dispersal.
The dart of dispersal closely misses the jackal.
The dart of dispersal barely misses the ball python.
The dart of dispersal hits the plant.
A nearby plant withers and dies.
The ball python loses its grip on the plant.
The jackal bites you but does no damage.
The jackal bites you.
You die...

#.....##..##.# ♣. #
.P...........# ..P #.
PP♣P.....#..### ♣.P #..
♣.♣P.........## ♣.P
.#..♣♣P.......#....#♣♣.♣
....P♣..........##...#..
#....P.#.....#..###.....
P.....h#.!........#.....
PPPSh@.#...#........).
♣♣♣.h)...#............
♣.r#..............†..
.P.....................
......####.....#........
#.##.# ..###.#........ #
.. ### #.......... #.
.#........ ...[.....


You could see a quokka, 3 jackals and a ball python.

Vanquished Creatures
  A giant cockroach (D:1)
  A goblin (D:1)
  2 hobgoblins (D:1)
  A quokka (D:1)
  2 ball pythons (D:1)
  2 bats (D:1)
  3 frilled lizards (D:1)
  2 kobolds (D:1)
14 creatures vanquished.

Notes
Turn   | Place    | Note
-------+----------+-------------------------------------------
     0 | D:1      | Hubris850 the Coglin Warper began the quest for the Orb.
     0 | D:1      | Reached XP level 1. HP: 16/16 MP: 3/3
    75 | D:1      | Reached skill level 1 in Throwing
    78 | D:1      | Reached skill level 1 in Armour
   127 | D:1      | Reached XP level 2. HP: 22/22 MP: 4/4
   194 | D:1      | HP: 1/22 [jackal (2)]
   195 | D:1      | Slain by a jackal

Illustrated notes

Levels and vault maps discovered:
D:1:      dpeg_arrival_ternary, layout_rooms, serial_forest,
          infiniplex_forest_clump_double, infiniplex_forest_straight_4,
          infiniplex_forest_corner_1, infiniplex_forest_join,
          infiniplex_forest_clump_diagonal, infiniplex_forest_corner_1,
          infiniplex_forest_lined_room_2, infiniplex_forest_lined_3_way

Skill      XL: |  1 |
---------------+----+-----
Throwing       | 1 |  1.1
Armour         | 1 |  1.1
Fighting       | |  2.1
Axes           | |  2.2
Dodging        | |  1.9
Spellcasting   | |  1.8
Translocations | |  3.0

Action                     || total
---------------------------++-------
  Melee: Dagger            ||    37
         Hand axe          ||    36
  Throw: Dart              ||     1
 Armour: Leather armour    ||    48
  Dodge: Dodged            ||    39

Table legend: (Time is in decaauts)
 A = Elapsed time spent in this place.
 B = Non-inter-level travel time spent in this place.
 C = Inter-level travel time spent in this place.
 D = Time resting spent in this place.
 E = Time spent auto-exploring this place.
 F = Levels seen in this place.
 G = Mean time per level.
                   A        B        C        D        E       F      G
               +--------+--------+--------+--------+--------+-----+--------+
         Total |    198 |    198 |      0 |      0 |    124 |   1 |  198.0 |
       Dungeon |    198 |    198 |      0 |      0 |    124 |   1 |  198.0 |
               +--------+--------+--------+--------+--------+-----+--------+

Top non-repeatable levels by time:
     D:1: 198 daAuts
